 Dungeon Crawl Stone Soup version 0.17-a0-1769-g54adf96 (webtiles) character file.

77 shakdrar the Firebug (level 3, 0/26 HPs)
             Began as a Demigod Fire Elementalist on Sept 7, 2015.
             Slain by a slave (5 damage)
             ... led by Pikel
             ... on level 4 of the Dungeon.
             The game lasted 00:08:18 (2250 turns).

shakdrar the Firebug (Demigod Fire Elementalist)    Turns: 2250, Time: 00:08:18

Health: 0/26       AC:  4    Str: 15    XL:     3   Next: 91%
Magic:  2/9        EV: 11    Int: 21    God:
Gold:   98         SH:  3    Dex: 16    Spells: 3 memorised, 1 level left

rFire  . . .     SeeInvis .     (no weapon)
rCold  . . .     Clarity  .     a - +0 robe
rNeg   . . .     SustAt   +     k - +0 buckler
rPois  +         Gourm    .     (no helmet)
rElec  .         Spirit   .     (no cloak)
rCorr  .         Warding  .     o - +1 pair of gloves
rMut   .         Stasis   .     (no boots)
MR     .....                    (no amulet)
Stlth  ++........               h - ring of poison resistance
                                e - +4 ring of strength

@: very slightly contaminated, not resistant to hostile enchantments, unstealthy
A: high mp 1, sustain attributes
a: no special abilities


You were on level 4 of the Dungeon.
You were not hungry.

You visited 1 branch of the dungeon, and saw 4 of its levels.

You collected 98 gold pieces.

Inventory:

Missiles
 f - 14 poisoned needles
Armour
 a - a +0 robe (worn)
 k - a +0 buckler (worn)
 o - a +1 pair of gloves (worn)
Jewellery
 e - a +4 ring of strength (left hand)
 h - a ring of poison resistance (right hand)
 p - an uncursed amulet of regeneration {unknown}
Magical devices
 m - a wand of flame (29)
Scrolls
 i - 2 scrolls of remove curse {unknown}
 j - 2 scrolls of identify {unknown}
 l - a scroll of recharging {unknown}
Potions
 g - 2 potions of ambrosia
 n - 2 potions of curing {unknown}
Books
 b - a book of Flames

   Spells                             Type                      Level
   a - Flame Tongue                   Conjuration/Fire             1
   b - Throw Flame                    Conjuration/Fire             2
   c - Conjure Flame                  Conjuration/Fire             3
   d - Inner Flame                    Hexes/Fire                   3
   e - Sticky Flame                   Conjuration/Fire             4
   f - Fireball                       Conjuration/Fire             5
Comestibles
 c - 4 bread rations
 d - a meat ration


   Skills:
 - Level 1.7 Dodging
 - Level 1.7 Stealth
 + Level 2.5 Spellcasting
 + Level 2.2 Conjurations
 + Level 3.3 Fire Magic


You had one spell level left.
You knew the following spells:

 Your Spells              Type           Power        Failure   Level  Hunger
a - Flame Tongue          Conj/Fire      ##...        10%         1    None
b - Throw Flame           Conj/Fire      ##....       14%         2    ##.....
c - Conjure Flame         Conj/Fire      ##......     28%         3    ###....


Dungeon Overview and Level Annotations

Branches:
Dungeon (4/15)
 Temple: D:4-7


Innate Abilities, Weirdness & Mutations

You have an increased reservoir of magic (+10% MP).
Your attributes are resistant to harm.


Message History

Aim: a slave, wearing an animal skin (heavily wounded)
The flame tongue misses the slave.
The slave hits you!
* * * LOW HITPOINT WARNING * * *
Casting: Flame Tongue
Confirm with . or Enter, or press ? or * to list all spells.
Aiming: Flame Tongue
Press: ? - help, Shift-Dir - straight line, f/p - slave
Aim: a slave, wearing an animal skin (heavily wounded)
You miscast Flame Tongue.
You are very lightly contaminated with residual magic.
You feel uncomfortably hot. The slave barely misses you.
Casting: Flame Tongue
Confirm with . or Enter, or press ? or * to list all spells.
Aiming: Flame Tongue
Press: ? - help, Shift-Dir - straight line, f/p - slave
Aim: a slave, wearing an animal skin (heavily wounded)
The flame tongue hits the slave.
The slave is heavily wounded.
The slave hits you.
You die...

...+[.)..#
...#.....#
#........# ######
...####### #....#
...# #....# ...#
#....# ...# #....#
...# #....# ...###
#.@..# #+#..# #.p..#
.....# #....# .....#
#....# .....# #....#
#...###########....#
#...#.......#.###'##
..p.#.......#.....#
....#.......'.....#


You could see a slave.

Vanquished Creatures
  4 adders
  2 worms (D:2)
  3 giant geckos
  An orc (D:3)
  2 giant cockroaches
  6 goblins
  3 hobgoblins (D:1)
  A ball python (D:1)
  4 bats
  A giant newt (D:2)
  3 kobolds (D:2)
  3 rats
33 creatures vanquished.

Notes
Turn   | Place    | Note
--------------------------------------------------------------
     0 | D:1      | shakdrar the Demigod Fire Elementalist began the quest for the Orb.
     0 | D:1      | Reached XP level 1. HP: 14/14 MP: 5/5
    56 | D:1      | Reached skill level 1 in Conjurations
   484 | D:1      | Reached XP level 2. HP: 17/20 MP: 4/7
  1008 | D:2      | Reached skill level 3 in Fire Magic
  1314 | D:2      | Reached XP level 3. HP: 15/26 MP: 2/8
  1657 | D:2      | Found a faded altar to an unknown god.
  1765 | D:3      | Learned a level 2 spell: Throw Flame
  1769 | D:3      | Learned a level 3 spell: Conjure Flame
  2033 | D:3      | Noticed an ogre
  2203 | D:4      | Noticed a slave
  2203 | D:4      | Noticed a slave
  2250 | D:4      | Slain by a slave

Vault maps used:
D:1:      minmay_arrival_nine_rooms, hangedman_abyss_or_decor_lesser_grid
D:2:      first_bread, ecumenical_altar_1
D:3:      serial_corexii_hall, corexii_hall_statues_t, corexii_hall_statues_x
D:4:      uniq_pikel

Action                   || total
-------------------------++-------
Melee: Unarmed           ||    14
 Cast: Flame Tongue      ||    77
  Use: Potion            ||     6
       Scroll            ||     2
 Stab: Sleeping          ||     6
       Invisible         ||     1
  Eat: Chunk             ||     2
       Beef jerky        ||     1
       Bread ration      ||     1
